AoeStats
← tom.klein.kn

Arena

507834690Analyzed
2v2 RM · 11d ago on Sep 19, 2026· 57m 19s· 4 players
Game mode
Random Map
Map size
Medium (4 player)
Population
200
Speed
Normal
Resources
Standard
Victory
Conquest
Starting age
Dark Age
Ending age
Imperial Age
RankedLock teamsTeams togetherTeam positionsShared explorationLock speedFull tech treeHidden civsTurbo modeCheats
Victory
Defeat
🇵🇱 Slavs · Poland
1046
+16
🇵🇱 Saracens · Poland
1044
+16
🇩🇪 Poles · Germany
1046
-16
🇩🇪 Khmer · Germany
1045
-16
antylagi
9:23 Feudal Age
13:29 Castle Age
12:06 Double-Bit Axe
13:12 Loom
22:13 Forging
23:03 Scale Barding Armor
24:56 Stone Mining
29:53 Wheelbarrow
30:40 Iron Casting
30:26 Chain Barding Armor
30:48 Husbandry
32:55 Gold Mining
32:48 Horse Collar
34:21 Bow Saw
35:08 Bloodlines
38:12 Imperial Age
37:00 Hand Cart
36:53 Heavy Plow
39:51 Elite Mameluke
40:21 Onager
44:25 Siege Engineers
45:28 Chemistry
47:20 Gold Shaft Mining
48:57 Blast Furnace
54:05 Spies/Treason
generalcyplus
10:31 Feudal Age
11:56 Double-Bit Axe
16:44 Castle Age
15:43 Horse Collar
17:31 Heavy Plow
17:42 Bow Saw
22:27 Wheelbarrow
21:38 Loom
21:39 Town Watch
21:47 Gold Mining
24:38 Hand Cart
25:31 Stone Mining
26:16 Gold Shaft Mining
26:31 Fletching
31:33 Imperial Age
29:18 Scale Mail Armor
29:28 Forging
29:08 Man-at-Arms
29:49 Squires
29:11 Pikeman
30:33 Ballistics
30:09 Murder Holes
30:24 Masonry
31:09 Long Swordsman
31:54 Two-Handed Swordsman
33:34 Iron Casting
33:14 Chain Mail Armor
34:16 Crop Rotation
34:11 Detinets
33:42 Champion
35:15 Halberdier
36:14 Chain Mail Armor
36:59 Blast Furnace
37:01 Druzhina
38:47 Two-Man Saw
38:59 Chemistry
39:13 Plate Mail Armor
38:32 Onager
39:56 Siege Engineers
41:42 Siege Onager
50:16 Conscription
50:31 Hoardings
55:54 Spies/Treason
tom.klein.kn
7:15 Loom
11:49 Feudal Age
12:20 Horse Collar
12:25 Double-Bit Axe
13:08 Gold Mining
16:58 Castle Age
16:22 Stone Mining
19:23 Stone Shaft Mining
19:26 Gold Shaft Mining
19:03 Bow Saw
28:52 Imperial Age
26:50 Heavy Plow
29:43 Husbandry
31:06 Bloodlines
33:28 Wheelbarrow
32:38 Town Watch
34:20 Tusk Swords
34:52 Elite Battle Elephant
34:53 Light Cavalry
37:43 Chemistry
36:55 Forging
36:51 Scale Barding Armor
37:19 Padded Archer Armor
38:13 Double Crossbow
43:09 Ballistics
42:54 Siege Engineers
43:26 Iron Casting
43:42 Heavy Scorpion
45:53 Hussar
48:05 Blast Furnace
47:21 Leather Archer Armor
47:06 Scale Mail Armor
47:27 Chain Barding Armor
47:20 Masonry
49:17 Heavy Scorpion
FlorianStefan
11:05 Feudal Age
9:26 Loom
13:05 Horse Collar
13:17 Double-Bit Axe
17:13 Castle Age
18:29 Bow Saw
18:23 Heavy Plow
19:59 Bloodlines
21:24 Husbandry
22:23 Szlachta Privileges
24:51 Scale Barding Armor
24:57 Forging
35:37 Town Watch
37:10 Gold Mining
41:35 Wheelbarrow
41:52 Chain Barding Armor
41:52 Forging
42:35 Light Cavalry
45:27 Iron Casting
48:11 Fletching
48:22 Padded Archer Armor
51:15 Scale Mail Armor
Connection lost

Rejoining the realm…

Still unreachable

The connection could not be restored.

Session expired

The server has moved on; the page needs a fresh start.